 Dungeon Crawl Stone Soup version 0.18-a0-1164-g7046a04 (webtiles) character file.

2804 Kidiri the Covert (level 9, -1/42 HPs)
             Began as a Spriggan Enchanter on Jan 25, 2016.
             Slain by an orc warrior (16 damage)
             ... in a bailey.
             The game lasted 00:22:17 (9473 turns).

Kidiri the Covert (Spriggan Enchanter)              Turns: 9473, Time: 00:22:17

Health: -1/42      AC:  7    Str:  9    XL:     9   Next: 44%
Magic:  1/20       EV: 23    Int: 18    God:
Gold:   542        SH:  0    Dex: 18    Spells: 5 memorised, 10 levels left

rFire  . . .     SeeInvis +     a - +5 dagger
rCold  . . .     Gourm    .     b - +1 robe
rNeg   . . .     Faith    .     (shield restricted)
rPois  .         Spirit   .     (helmet restricted)
rElec  .         Dismiss  .     B - +0 cloak (curse)
rCorr  .         Reflect  .     (gloves unavailable)
SustAt .         Harm     .     (boots unavailable)
MR     +....                    (no amulet)
Stlth  +++++.....               (no ring)
                                j - +3 ring of protection

@: mighty, very slightly contaminated, very quick, somewhat resistant to hostile
enchantments, quite stealthy
A: unfitting armour, see invisible, herbivore 3, speed 3, slow metabolism 2
a: no special abilities


You were in a bailey.
You were not hungry.

You visited 1 branch of the dungeon, and saw 7 of its levels.
You also visited: Ossuary and Bailey.

You collected 542 gold pieces.

Inventory:

Hand Weapons
 a - a +5 dagger (weapon)
 y - a +0 rapier
Armour
 b - a +1 robe (worn)
 B - a cursed +0 cloak (worn)
Jewellery
 j - a +3 ring of protection (left hand)
Wands
 o - a wand of disintegration (7/24)
Scrolls
 d - a scroll of amnesia
 h - 6 scrolls of remove curse
 m - a scroll of blinking
 p - a scroll of teleportation
 t - a scroll of magic mapping
 u - a scroll of fear
Potions
 e - 3 potions of brilliance
 f - 2 potions of magic
 g - a potion of curing
 i - a potion of invisibility
 n - 2 potions of poison {unknown}
 r - a potion of flight
 s - a potion of ambrosia
 w - a potion of agility {unknown}
 z - 4 potions of cure mutation {unknown}
 A - a potion of resistance {unknown}
Books
 c - a book of Maledictions

   Spells                             Type                      Level
   a - Corona                         Hexes                        1
   b - Ensorcelled Hibernation        Hexes/Ice                    2
   c - Confuse                        Hexes                        3
   d - Tukima's Dance                 Hexes                        3
   e - Dazzling Spray                 Conjuration/Hexes            3
Comestibles
 x - a bread ration


   Skills:
 + Level 2.2 Fighting
 * Level 5.6 Short Blades
 + Level 2.7 Armour
 * Level 7.3 Dodging
 * Level 9.5 Stealth
 * Level 7.1 Spellcasting
 + Level 2.3 Conjurations
 + Level 5.6 Hexes
 + Level 2.5 Ice Magic


You had 10 spell levels left.
You knew the following spells:

 Your Spells              Type           Power        Failure   Level  Hunger
a - Corona                Hex            ####...      1%          1    None
b - Ensorcelled Hibernat  Hex/Ice        ###...       3%          2    None
c - Confuse               Hex            ####....     3%          3    ##.....
d - Tukima's Dance        Hex            ####....     3%          3    ##.....
e - Dazzling Spray        Conj/Hex       ###.....     10%         3    ##.....


Dungeon Overview and Level Annotations

Branches:
Dungeon (7/15)             Temple (0/1) D:7

Altars:
Elyvilon
Gozag
Xom


Innate Abilities, Weirdness & Mutations

You are tiny and cannot use many weapons and most armour.
You have supernaturally acute eyesight.
You are a herbivore.
You cover ground extremely quickly.
You need consume almost no food.


Message History

Aim: an orc warrior, wearing a ring mail (chance to defeat MR: 50%)
The orc warrior resists with some effort.
The orc warrior completely misses you.
Unknown command.
You barely miss the orc warrior. You hit the orc warrior.
The orc warrior is lightly wounded.
The orc warrior hits you!
You hit the orc warrior but do no damage.
The orc warrior is lightly wounded.
The orc warrior completely misses you.
Unknown command.
Drink which item? (? for menu, Esc to quit)
You feel very mighty all of a sudden.
You puncture the orc warrior!
The orc warrior is moderately wounded.
You puncture the orc warrior!
The orc warrior is severely wounded.
The orc warrior hits you!
You die...

.............##o'.# #)'.##.....
.............##.### ###.##o....
.............##.'.# #)'.##.(.(.
.............##o#########.##.....
..............#..##.#.##..#......
..............##..#)#)#..##......
.....(.........##.o.....##.......
.......≈≈≈≈≈....#########....≈≈≈≈
......≈≈#.#≈≈).(@o.###......≈≈#.#
......≈##.##≈.(.........)...≈##.#
......≈..^..≈...((..........≈..^.
......≈##.##≈...)...........≈##)#
......≈≈#.#≈≈....(..........≈≈#)#
.......≈≈≈≈≈.....).....(.....≈≈≈≈
.........................().....)
....................(........(...
................(...........)....


You could see an orc warrior.

Vanquished Creatures
  The ghost of Duffy the Fighter, a novice GrFi (D:6)
  Eustachio (D:6)
  9 orc warriors
  4 sky beasts
  A phantom (D:5)
  A necrophage (D:5)
  A giant frog (D:6)
  2 crimson imps
  2 jellies
  A centaur zombie (D:6)
  A giant frog zombie (D:5)
  3 hounds
  An orc priest (D:5)
  Terence (D:2)
  An orc wizard (D:4)
  3 worker ants
  A big kobold zombie (Ossuary)
  8 mummies (Ossuary)
  Robin (D:4)
  7 adders
  A shadow imp (D:4)
  3 oozes
  An adder skeleton (D:5)
  A worm (D:2)
  2 giant geckos
  24 orcs
  3 giant cockroaches
  10 goblins
  9 hobgoblins
  7 jackals
  2 quokkas
  A ball python (D:4)
  10 bats
  A giant gecko skeleton (D:6)
  3 giant newts
  5 hobgoblin zombies (Ossuary)
  7 kobolds
  2 kobold zombies (Ossuary)
  2 quokka skeletons
  4 rats
148 creatures vanquished.

Vanquished Creatures (collateral kills)
  An orc warrior (Bailey)
  An ogre (D:6)
  6 orcs
8 creatures vanquished.

Vanquished Creatures (others)
  3 dancing weapons (Bailey)
3 creatures vanquished.

Grand Total: 159 creatures vanquished

Notes
Turn   | Place    | Note
--------------------------------------------------------------
     0 | D:1      | Kidiri the Spriggan Enchanter began the quest for the Orb.
     0 | D:1      | Reached XP level 1. HP: 9/9 MP: 5/5
   510 | D:1      | Reached XP level 2. HP: 7/13 MP: 6/6
   514 | D:1      | Learned a level 2 spell: Ensorcelled Hibernation
  1031 | D:1      | Reached skill level 5 in Stealth
  1600 | D:2      | Noticed Terence
  1604 | D:2      | Killed Terence
  1604 | D:2      | Reached XP level 3. HP: 16/16 MP: 8/8
  1611 | D:2      | Learned a level 3 spell: Dazzling Spray
  1911 | D:2      | Reached XP level 4. HP: 21/21 MP: 6/9
  1916 | D:2      | Learned a level 3 spell: Confuse
  2204 | D:2      | Found an opulent altar of Gozag.
  3117 | D:3      | Reached XP level 5. HP: 25/25 MP: 11/11
  3177 | D:4      | Found a white marble altar of Elyvilon.
  3467 | D:4      | Found a sand-covered staircase.
  3472 | Ossuary  | Entered an ossuary
  3524 | Ossuary  | Reached skill level 1 in Ice Magic
  3802 | Ossuary  | Reached XP level 6. HP: 29/29 MP: 13/13
  3807 | Ossuary  | Learned a level 3 spell: Tukima's Dance
  3941 | Ossuary  | Reached skill level 6 in Stealth
  4028 | Ossuary  | Reached skill level 1 in Fighting
  4583 | D:4      | Noticed Robin
  4601 | D:4      | Killed Robin
  4601 | D:4      | Reached skill level 1 in Armour
  5064 | D:5      | Entered Level 5 of the Dungeon
  5483 | D:5      | Reached skill level 1 in Conjurations
  5483 | D:5      | Reached XP level 7. HP: 33/33 MP: 14/14
  5541 | D:5      | Reached skill level 5 in Dodging
  5541 | D:5      | Reached skill level 7 in Stealth
  5651 | D:5      | Reached skill level 5 in Spellcasting
  6153 | D:6      | Noticed Duffy's ghost (novice GrFi)
  6396 | D:6      | Killed Duffy's ghost
  6396 | D:6      | Reached skill level 5 in Hexes
  6396 | D:6      | Reached XP level 8. HP: 28/37 MP: 2/17
  6499 | D:6      | Noticed Eustachio
  6509 | D:6      | Reached skill level 8 in Stealth
  6554 | D:6      | Killed Eustachio
  6609 | D:6      | Reached skill level 5 in Short Blades
  6862 | D:6      | Found a shimmering altar of Xom.
  7290 | D:6      | Reached XP level 9. HP: 29/42 MP: 8/19
  7549 | D:7      | Found a flagged portal.
  7559 | Bailey   | Entered a bailey
  7945 | Bailey   | HP: 2/42 [orc warrior/bolt (20)]
  8257 | Bailey   | Reached skill level 9 in Stealth
  8975 | Bailey   | HP: 2/42 [orc warrior (17)]
  9403 | Bailey   | Noticed an orc knight
  9473 | Bailey   | Slain by an orc warrior

Vault maps used:
D:1:      minmay_arrival_nine_rooms, hangedman_decor_riveting
D:2:      nicolae_gozag_cash_rules_everything_around_me, uniq_terence
D:3:      corexii_leaking_fountain
D:4:      old_standard_altar, enter_ossuary_5, uniq_robin
D:5:      first_bread
D:6:      basic_altar, uniq_eustachio
D:7:      tgw_trog, vehumet_crystals, temple_hall, enter_bailey_2,
          minmay_misc_feat_pillars
Ossuary:  ossuary_tomb_3
Bailey:   bailey_polearm_2, bailey

Action                   |  1- 3 |  4- 6 |  7- 9 || total
-------------------------+-------+-------+-------++-------
Melee: Dagger            |   122 |   225 |   162 ||   509
 Cast: Corona            |     3 |       |       ||     3
       Ensorcelled Hiber |     8 |     6 |    30 ||    44
       Dazzling Spray    |       |    23 |    30 ||    53
       Confuse           |       |     4 |    14 ||    18
       Tukima's Dance    |       |     2 |     8 ||    10
  Use: Scroll            |     5 |    13 |     4 ||    22
       Potion            |       |     1 |     5 ||     6
 Stab: Sleeping          |    15 |    15 |    18 ||    48
       Confused          |       |     2 |     6 ||     8
       Invisible         |       |     2 |     5 ||     7
       Distracted        |       |     1 |     1 ||     2
  Eat: Bread ration      |       |     1 |       ||     1
       Fruit             |       |       |     5 ||     5
       Royal jelly       |       |       |     1 ||     1
